 Dungeon Crawl Stone Soup version 0.19-a0-252-g247cc30 (webtiles) character file.

95 Etesian the Conjurer (level 4, 24/24 HPs)
             Began as a Deep Elf Conjurer on May 25, 2016.
             Was a Follower of Hepliaklqana.
             Quit the game on level 3 of the Dungeon.
             The game lasted 00:09:12 (2541 turns).

Etesian the Conjurer (Deep Elf Conjurer)            Turns: 2541, Time: 00:09:13

Health: 24/24      AC:  3    Str:  5    XL:     4   Next: 39%
Magic:  11/11      EV: 14    Int: 21    God:    Hepliaklqana [*.....]
Gold:   148        SH:  0    Dex: 15    Spells: 3 memorised, 3 levels left

rFire  . . .     SeeInvis .     m - +1 short sword (speed)
rCold  . . .     Gourm    .     a - +0 robe
rNeg   . . .     Faith    .     (no shield)
rPois  .         Spirit   .     (no helmet)
rElec  .         Dismiss  .     (no cloak)
rCorr  .         Reflect  .     r - +0 pair of gloves
SustAt .         Harm     .     (no boots)
MR     .....                    i - amulet of magic regeneration
Stlth  ++........               (no ring)
                                (no ring)

@: not resistant to hostile enchantments, unstealthy
A: no striking features
a: Recall Ancestor, Ancestor Identity, Renounce Religion


You were on level 3 of the Dungeon.
You worshipped Hepliaklqana.
Hepliaklqana was aware of your devotion.
You were not hungry.

You visited 1 branch of the dungeon, and saw 3 of its levels.

You collected 148 gold pieces.

Inventory:

Hand Weapons
 m - a +1 short sword of speed (weapon)
Missiles
 n - 5 javelins (quivered)
Armour
 a - a +0 robe (worn)
 r - a +0 pair of gloves (worn)
Jewellery
 i - an amulet of magic regeneration (around neck)
Scrolls
 d - 3 scrolls of identify
 e - a scroll of recharging
 g - 2 scrolls of remove curse
 h - a scroll of magic mapping
 q - a scroll of fog
 t - a scroll of amnesia {unknown}
Potions
 f - 2 potions of haste
 l - 2 potions of agility
 o - 2 potions of curing
 s - a potion of brilliance {unknown}
Books
 b - a book of Conjurations

   Spells                             Type                      Level
   a - Magic Dart                     Conjuration                  1
   b - Searing Ray                    Conjuration                  2
   c - Dazzling Spray                 Conjuration/Hexes            3
   d - Fulminant Prism                Conjuration/Hexes            4
   e - Iskenderun's Mystic Blast      Conjuration                  4
   f - Iskenderun's Battlesphere      Conjuration/Charms           5
Comestibles
 c - 3 bread rations
 j - a meat ration
 k - 4 fruits


   Skills:
 + Level 3.9 Dodging
 - Level 2.4 Stealth
 + Level 3.9 Spellcasting
 * Level 5.4 Conjurations


You had 3 spell levels left.
You knew the following spells:

 Your Spells              Type           Power        Failure   Level  Hunger
a - Magic Dart            Conj           ####         1%          1    None
b - Searing Ray           Conj           ####..       1%          2    #......
c - Iskenderun's Mystic   Conj           ####....     17%         4    ####...


Dungeon Overview and Level Annotations

Branches:
Dungeon (3/15)

Altars:
Ashenzari
Hepliaklqana
Nemelex Xobeh
Pakellas


Message History

Press: ? - help, Shift-Dir - straight line, f/p - adder
Aim: an adder (moderately wounded)
Okay, then.
The adder bites Joe.
The adder bites Joe.
Joe hits the adder.
MP restored: 11
Casting: Iskenderun's Mystic Blast
Confirm with . or Enter, or press ? or * to list all spells.
Aiming: Searing Ray
Press: ? - help, Shift-Dir - straight line, f/p - adder
Aim: an adder (heavily wounded) Really fire in your ally Joe's direction?
The searing ray misses Joe.
The searing ray hits the adder.
You kill the adder!
You now have 9/11 mp.
You start resting.
Magic restored.
MP restored: 11 Done exploring.
Are you sure you want to abandon this character and quit the game? (Confirm with "yes".)

......##.#...###.......##........
###<...........................[#
###...................#.......#
#..#..###..####........#####.#
#.##.##....# #......#######.#
#.##.#..##.# #..............#
###.#....###.#####..##########..
##.....#.## #..##...## ##..#
...####..# ##..R@.### #..## ##.#
#.## #..##..### #.### ##.# #.#
##.####.).## #.# # #..# #.# #..#
###..########.# # #.## #.# #.##
##..........# ..# #.###.#
##.........# .## #.##[.#
#.........# ## #.#..##
#.).......# ## ##.#.##
#.........#


You could see the friendly Joe the ancestor.

Vanquished Creatures
  2 adders
  An ooze (D:1)
  2 worms
  2 giant geckos
  2 orcs (D:3)
  A ball python (D:2)
  9 bats
  3 giant cockroaches
  5 goblins
  10 hobgoblins
  7 jackals
  3 giant newts
  5 kobolds
  8 rats
60 creatures vanquished.

Vanquished Creatures (collateral kills)
  A jackal (D:3)
1 creature vanquished.

Grand Total: 61 creatures vanquished

Notes
Turn   | Place    | Note
--------------------------------------------------------------
     0 | D:1      | Etesian the Deep Elf Conjurer began the quest for the Orb.
     0 | D:1      | Reached XP level 1. HP: 10/10 MP: 6/6
   132 | D:1      | Reached XP level 2. HP: 13/15 MP: 0/8
   136 | D:1      | Learned a level 2 spell: Searing Ray
   227 | D:1      | Found a shattered altar of Ashenzari.
   505 | D:1      | Reached XP level 3. HP: 10/19 MP: 7/10
  1093 | D:2      | Found an oddly glowing altar of Pakellas.
  1168 | D:2      | Reached skill level 5 in Conjurations
  1709 | D:2      | Found a faded altar to an unknown god.
  1716 | D:2      | Became a worshipper of Hepliaklqana
  1716 | D:2      | Reached * piety under Hepliaklqana
  1742 | D:2      | Reached XP level 4. HP: 24/24 MP: 11/11
  1921 | D:2      | Learned a level 4 spell: Iskenderun's Mystic Blast
  2264 | D:3      | Found a sparkling altar of Nemelex Xobeh.
  2265 | D:3      | Noticed a centaur
  2541 | D:3      | Quit the game

Vault maps used:
D:1:      lemuel_arrival_river_bridge, ashenzari_altar_1
D:2:      grunt_pakellas_salt, ecumenical_altar_1
D:3:      first_bread, grunt_nemelex_the_gamble

Skill      XL: |  1  2  3 |
---------------+----------+-----
Dodging        | 3 |  3.9
Conjurations   | 5 |  5.4
Stealth        | |  2.4
Spellcasting   | |  3.9

Action                   |  1- 3 |  4- 6 || total
-------------------------+-------+-------++-------
Melee: Unarmed           |     2 |       ||     2
       Dagger            |    27 |       ||    27
       Short sword       |    61 |    26 ||    87
 Cast: Magic Dart        |    28 |     8 ||    36
       Searing Ray       |    12 |     3 ||    15
  Use: Scroll            |     8 |       ||     8
 Stab: Sleeping          |     3 |     1 ||     4
       Distracted        |     1 |       ||     1
  Eat: Chunk             |     3 |       ||     3
       Royal jelly       |       |     1 ||     1
Armor: Robe              |    47 |     3 ||    50
Dodge: Dodged            |    82 |    22 ||   104
